Map: Oblivion Express

Players

LilArrin

  • Race: Terran Terran
  • Spawn Location: 12:00

LilArrin

  • Race: Protoss Protoss
  • Spawn Location: 0:00

LilArrin

  • Race: Protoss Protoss
  • Spawn Location: 0:00

VOD

Have the link to the VOD?

Description

Time

  • Played on: Oct. 15, 2017, 1:18 a.m.
  • Length: 23:28
Show
View Real Time Build Order
Export as new Build Order

LilArrin Terran 

Build Orders:  

Get SALT Encoding   

  12  0:03  SCV  
  13  0:20  SCV  
  14  0:32  Supply Depot  
  14  0:37  SCV  
  15  0:53  SCV  
  16  1:10  SCV  
  17  1:24  Command Center  
  17  1:29  SCV  
  18  1:46  SCV  
  18  1:49  Barracks  
  19  2:03  SCV  
  20  2:22  Orbital Command  
  20  2:46  Command Center  
  20  2:57  SCV  
  21  3:04  Orbital Command  
  21  3:12  Refinery  
  21  3:14  SCV  
  22  3:20  Refinery  
  22  3:31  SCV  
  23  3:40  SCV  
  23  3:48  SCV  
  25  3:51  Orbital Command  
  25  3:57  SCV  
  25  3:58  Command Center  
  26  4:01  Combat Shields  
  26  4:03  Barracks Tech Lab  
  26  4:12  SCV  
  27  4:26  Orbital Command  
  27  4:29  SCV  
  28  4:40  SCV  
  28  4:46  SCV  
  30  4:50  Command Center  
  30  4:57  SCV  
  31  5:03  SCV x2  
  33  5:20  Command Center  
  33  5:25  SCV  
  34  5:32  SCV  
  34  5:34  Barracks  
  34  5:39  SCV  
  36  5:41  Factory  
  36  5:53  SCV  
  36  5:54  SCV  
  36  5:59  Orbital Command  
  38  6:00  Refinery  
  38  6:01  Refinery, SCV  
  39  6:23  SCV x3  
  42  6:45  Marine x2  
  42  6:46  Orbital Command, SCV  
  45  6:50  Factory Tech Lab  
  45  6:55  Marine x2, SCV  
  48  7:03  Command Center  
  48  7:04  Engineering Bay  
  48  7:05  Medic, Marine  
  48  7:08  Engineering Bay  
  51  7:10  Orbital Command  
  51  7:15  Marine  
  51  7:16  Marine  
  53  7:20  Armory  
  53  7:24  SCV  
  53  7:26  Marine x2  
  56  7:36  Medic, Marine  
  58  7:41  Terran Infantry Weapons Level 1  
  58  7:43  Replenishable Magazine  
  58  7:45  Terran Infantry Armor Level 1  
  58  7:46  Marine  
  59  7:53  Barracks  
  59  7:54  Barracks Reactor  
  59  7:56  Marine  
  59  8:07  Barracks, Marine  
  60  8:10  Barracks  
  60  8:17  Marine  
  60  8:27  Marine  
  60  8:29  Afterburners, Vulture  
  61  8:37  Marine  
  61  8:38  Barracks Reactor  
  61  8:39  Vulture, Supply Depot  
  64  8:40  Supply Depot, Stabilizer Medpacks  
  64  8:42  Supply Depot  
  64  8:43  Cerberus Mines, Marine, Barracks Tech Lab  
  64  8:44  Barracks Reactor  
  64  8:45  Orbital Command  
  64  8:47  Marine x2  
  64  8:49  Vulture  
  68  8:53  Marine  
  68  8:57  Marine  
  68  8:58  Marine  
  55  9:00  Vulture  
  73  9:04  Marine  
  73  9:07  Marine x2  
  73  9:08  Marine  
  75  9:10  Vulture  
  75  9:14  Marine  
  75  9:17  Marine  
  75  9:18  Medic, Marine  
  81  9:20  Vulture, SCV  
  81  9:24  Marine  
  81  9:28  Marauder, Marine x2  
  81  9:29  Terran Vehicle and Ship Weapons Level 1, Marine x2  
  89  9:30  Vulture  
  89  9:34  Marine x3  
  89  9:38  Marine x2  
  89  9:39  Marine  
  100  9:40  Medic, Concussive Shells, Vulture  
  100  9:43  Marine  
  100  9:44  Marine x2  
  100  9:45  Marine  
  100  9:47  Supply Depot  
  100  9:48  Marine x2  
  100  9:49  Supply Depot  
  111  9:50  Marine  
  111  9:58  Marine  
  111  9:59  Marauder, Marine x2  
  114  10:01  Medic  
  121  10:10  Marine  
  121  10:11  Medic, Marauder  
  121  10:19  Medic, Marine x3  
  126  10:20  Marine  
  126  10:22  Marauder  
  126  10:24  Marauder  
  126  10:25  Vulture x2  
  135  10:30  Medic  
  135  10:31  Marine  
  135  10:32  Marine  
  135  10:34  Medic  
  135  10:35  Vulture x2  
  135  10:37  Marine x3  
  145  10:40  Marauder  
  145  10:41  Marine  
  145  10:45  Marauder  
  145  10:47  Medic  
  145  10:49  Marine x2  
  152  10:58  Vulture  
  150  11:01  Marine  
  153  11:10  Supply Depot  
  153  11:11  Marine x2, Marauder, Vulture  
  153  11:12  Terran Infantry Weapons Level 2  
  153  11:13  Supply Depot  
  159  11:21  Terran Infantry Armor Level 2  
  159  11:23  Supply Depot  
  159  11:27  Marine x2  
  157  11:32  Marine x2  
  157  11:33  Marine x2  
  157  11:34  Marine  
  161  11:44  Marauder x2  
  162  11:54  Marine  
  162  12:02  Marine x3  
  162  12:03  Marauder x2  
  162  12:09  Marine  
  164  12:10  Marine  
  162  12:32  Marine x4  
  162  12:33  Marauder  
  161  12:40  Marine x2  
  161  12:42  Marine x3  
  161  12:46  Marauder  
  155  13:07  Marine x3  
  156  13:16  Marine  
  154  13:22  Terran Vehicle and Ship Weapons Level 2  
  152  13:30  Marine x2  
  152  13:31  Marauder, Marine  
  152  13:39  Vulture  
  148  13:40  Marine, Vulture  
  148  13:41  Marine  
  148  13:45  Marine x2  
  148  13:46  Marauder, Marine  
  159  13:50  Vulture  
  162  14:18  Marine x4  
  162  14:19  Marauder, Marine  
  158  14:20  Marauder  
  158  14:29  Supply Depot, Marauder, Terran Infantry Weapons Level 3  
  167  14:31  Supply Depot  
  167  14:32  Marine  
  170  14:45  Marine x2  
  170  14:46  Marine x4  
  170  14:47  Medic  
  174  14:56  Medic  
  174  14:57  Medic x2  
  178  15:02  Marine x2  
  178  15:06  Terran Infantry Armor Level 3  
  178  15:07  Medic x2  
  184  15:11  Marine x3  
  184  15:19  Supply Depot  
  187  15:30  Marine x2  
  187  15:31  Marine  
  189  15:45  Marine x2  
  189  15:46  Medic x2, Marine  
  196  15:58  Medic  
  196  15:59  Medic  
  194  16:30  Vulture  
  194  16:31  Vulture  
  194  16:36  Marine x2  
  191  16:40  Marine x2  
  191  16:41  Marine x2  
  191  16:46  Marine x2  
  195  16:50  Marine x2  
  195  16:53  Marine x3  
  195  17:24  Marine x3  
  195  17:25  Medic x2, Marine  
  196  17:57  Marine x2  
  194  18:07  Marine x3  
  194  18:08  Medic, Marauder, Marine  
  180  18:17  Medic  
  181  18:25  Marine  
  181  18:26  Marine x2  
  181  18:27  Marauder  
  174  18:33  Marine x3  
  174  18:37  Vulture x2  
  161  18:47  Vulture  
  114  18:50  Vulture  
  157  18:57  Vulture  
  157  19:03  Marine x2  
  156  19:27  Vulture x2  
  156  19:36  Marine  
  156  19:37  Vulture, Marine x3  
  156  19:38  Medic, Marauder  
  170  19:54  Marine  
  171  20:11  Marine x2  
  171  20:15  Marine  
  171  20:16  Marine x2  
  176  20:39  Marine  
  161  21:18  Vulture x2  
  153  21:21  Marine x3  
  153  21:28  Vulture  
  152  21:31  Marine x2  
  152  21:39  Vulture  
  156  21:40  Vulture  
  160  21:55  Marine x3  
  160  21:58  Marine x3  
  160  21:59  Marine  
  163  22:05  Marine x2  
  163  22:09  Medic, Marauder x2  
  169  22:17  Marine  
  169  22:18  Marine x2  
  169  22:19  Medic  
  175  22:21  Marauder  
  175  22:22  Marauder  
  184  22:30  Marauder  
  184  22:34  Marauder x2  
  190  22:42  Marauder  
  190  22:47  Marauder x2  
  196  22:55  Marauder  
Show
View Real Time Build Order
Export as new Build Order

LilArrin Protoss 

Build Orders:  

Get SALT Encoding   

Show
View Real Time Build Order
Export as new Build Order

LilArrin Protoss 

Build Orders:  

Get SALT Encoding   

Tags
 
Add a new tag
Caveats
  • Supply blocks, unpowered buildings, or Contaminate may cause inaccurate times.
  • Supply counts are checked every 10 seconds.